 Dungeon Crawl Stone Soup version 0.29-a0-1009-g60c99734e7 (webtiles) character file.

Game seed: 9306161708521881876

47 nickcage the Conjurer (level 3, -4/26 HPs)
             Began as a Draconian Conjurer on Aug 8, 2022.
             Succumbed to an orc wizard's poison
             ... on level 2 of the Dungeon.
             The game lasted 00:03:29 (1655 turns).

nickcage the Conjurer (Draconian Conjurer)          Turns: 1655, Time: 00:03:30

Health: -4/26      AC:  5    Str:  9    XL:     3   Next: 48%
Magic:  1/6        EV: 12    Int: 20    God:
Gold:   69         SH:  0    Dex:  9    Spells: 3/6 levels left

rFire   . . .      SeeInvis .   g - +2 spear (vorpal)
rCold   . . .      Faith    .   (no shield)
rNeg    . . .      Spirit   .   (body armour unavailable)
rPois   .          Reflect  .   (helmet restricted)
rElec   .          Harm     .   (no cloak)
rCorr   .          Rampage  .   (no gloves)
Will    .....                   (no boots)
Stlth   ++........              (no amulet)
HPRegen 0.08/turn               (no ring)
MPRegen 0.10/turn               (no ring)

@: lethally poisoned (-4 -> -31)
A: AC +5, unfitting armour, cold-blooded
a: no special abilities


You were on level 2 of the Dungeon.
You visited 1 branch of the dungeon, and saw 2 of its levels.

You collected 69 gold pieces.

Inventory:

Hand Weapons
 d - a +0 dagger
 g - a +2 vorpal spear (weapon)
Scrolls
 b - 3 scrolls of enchant weapon {unknown}
 c - 2 scrolls of poison {unknown}
 i - a scroll of identify {unknown}
Potions
 a - a potion of magic
 e - a potion of heal wounds {unknown}
 f - 2 potions of curing {unknown}
 h - a potion of cancellation {unknown}


   Skills:
 - Level 1.7 Dodging
 - Level 1.7 Stealth
 + Level 2.3 Spellcasting
 + Level 5.1 Conjurations


You had 3 spell levels left.
You knew the following spells:

 Your Spells              Type           Power      Damage    Failure   Level
a - Magic Dart            Conj           88%        1d7       1%          1
b - Searing Ray           Conj           44%        2d6       2%          2

Your spell library contained the following spells:

 Spells                   Type           Power      Damage    Failure   Level
 Dazzling Flash           Conj/Hex       24%        N/A       16%         3
 Fulminant Prism          Conj/Hex       6%         3d7       47%         4
 Iskenderun's Mystic Bla  Conj/Tloc      12%        2d5       47%         4


Dungeon Overview and Level Annotations

Branches:
Dungeon (2/15)

Altars:


Innate Abilities, Weirdness & Mutations

Your plain brown scales are hard. (AC +5)
You cannot fit into any form of body armour.
You are cold-blooded and may be slowed by cold attacks.


Message History

You hit the orc wizard but do no damage.
The orc wizard is lightly wounded.
The orc wizard hits you with a +0 dagger of venom.
You are poisoned.
You closely miss the orc wizard.
You tail-slap the orc wizard, but do no damage.
The orc wizard is lightly wounded.
You feel sick.
The orc wizard hits you but does no damage.
You are more poisoned.
You hit the orc wizard.
The orc wizard is heavily wounded.
You feel very sick. The orc wizard casts a spell at you.
You are confused.
You are too confused!
You are too confused!
You bump into the rock wall.
You feel sick.
The orc wizard hits you but does no damage.
You are lethally poisoned!
You feel very sick.
You miss the orc wizard.
The orc wizard is heavily wounded.
You feel very sick.
The orc wizard casts a spell.
The orc wizard flickers and vanishes!
Deactivating autopickup; reactivate with Ctrl-A.
You're too confused to move!
* * * LOW HITPOINT WARNING * * *
You feel very sick. Something hits you but does no damage.
You are more poisoned.
You bump into the rock wall.
* * * LOW HITPOINT WARNING * * *
You feel very sick. Something hits you but does no damage.
You are more poisoned.
You completely miss something.
You feel less confused.
You die...

... ... #.# #.# .). #)# #o# #{#
##### ######### ##@### ##...##
........# ####....# ##.###.##
#######.####.....#.######.#####.#
# #..........................##.#
###.###.####....<#.######.##.##.#
........# ##.#....# ##.#.#.##
###.##### #......# ####...## #.#
###....# #.....## #.# ##.###
#.#####


You could see an orc.

Vanquished Creatures
  A dart slug (D:1)
  3 orcs (D:2)
  2 ball pythons (D:1)
  4 bats (D:1)
  4 endoplasms
  A giant cockroach (D:2)
  7 goblins
  3 hobgoblins (D:1)
  4 jackals (D:1)
  3 kobolds
  A quokka (D:1)
  A frilled lizard (D:1)
  2 rats
36 creatures vanquished.

Notes
Turn   | Place    | Note
-------+----------+-------------------------------------------
     0 | D:1      | nickcage the Draconian Conjurer began the quest for the
                  | Orb.
     0 | D:1      | Reached XP level 1. HP: 14/14 MP: 3/3
   583 | D:1      | Reached XP level 2. HP: 20/20 MP: 3/5
   586 | D:1      | Learned a level 2 spell: Searing Ray
  1062 | D:1      | Reached XP level 3. HP: 26/26 MP: 4/6
  1460 | D:2      | Reached skill level 5 in Conjurations
  1655 | D:2      | Succumbed to an orc wizard's poison

Illustrated notes

Levels and vault maps discovered:
D:1:      tarquinn_simple_flora_water_a, layout_loops_ring
D:2:      layout_loops_corners, serial_shops, nicolae_lakefront_shop,
          hellmonk_ecumenical_altar_prayer_group, uniq_sigmund, uniq_jessica

Skill      XL: |  1  2  3 |
---------------+----------+-----
Conjurations   | 5 |  5.1
Dodging        | |  1.7
Stealth        | |  1.7
Spellcasting   | |  2.3

Action                   || total
-------------------------++-------
Melee: Unarmed           ||     8
       Punch             ||     1
       Dagger            ||     6
       Tailslap          ||     2
       Spear             ||     6
 Cast: Magic Dart        ||    47
       Searing Ray       ||     2
Armor: Skin              ||     8
Dodge: Dodged            ||    12

Table legend: (Time is in decaauts)
 A = Elapsed time spent in this place.
 B = Non-inter-level travel time spent in this place.
 C = Inter-level travel time spent in this place.
 D = Time resting spent in this place.
 E = Time spent auto-exploring this place.
 F = Levels seen in this place.
 G = Mean time per level.
                   A        B        C        D        E       F      G
               +--------+--------+--------+--------+--------+-----+--------+
         Total |   1654 |   1638 |     16 |     53 |   1432 |   2 |  827.0 |
       Dungeon |   1654 |   1638 |     16 |     53 |   1432 |   2 |  827.0 |
               +--------+--------+--------+--------+--------+-----+--------+

Top non-repeatable levels by time:
     D:1: 1358 daAuts
     D:2: 296 daAuts
